 Dungeon Sprint DCSS version 0.23.2-40-g277498a (webtiles) character file.

Game seed: 6143607267519260050

298 silentkaos13 the Martial Artist (level 6, -4/38 HPs)
             Began as an Octopode Transmuter on Oct 1, 2019.
             Was an Initiate of Sif Muna.
             Slain by a yak (11 damage)
             ... in the Dungeon (Sprint I: "Red Sonja").
             The game lasted 00:00:48 (552 turns).

silentkaos13 the Martial Artist (OpTm)               Turns: 552, Time: 00:00:49

Health: -4/38      AC:  2    Str: 10    XL:     6   Next: 36%
Magic:  11/14      EV: 23    Int: 17    God:    Sif Muna [......]
Gold:   297        SH:  0    Dex: 17    Spells: 5/15 levels left

rFire    . . .     SeeInvis .     - Unarmed
rCold    . . .     Gourm    .   (shield currently unavailable)
rNeg     . . .     Faith    .   (helmet currently unavailable)
rPois    x         Spirit   .   (no amulet)
rElec    .         Reflect  .   (no ring)
rCorr    .         Harm     .   (no ring)
MR       .....     NoTele   +   (no ring)
Stlth    ++........             (no ring)
HPRegen  0.12/turn              (no ring)
MPRegen  0.14/turn              (no ring)
                                (no ring)
                                (no ring)

@: spider-form
A: tiny, almost no armour, stealthy swim, (amphibious), 8 rings, (constrict 8)
a: End Transformation, Renounce Religion


You were in the Dungeon.
You worshipped Sif Muna.
Sif Muna was noncommittal.
You were not hungry.
You were a venomous arachnid creature.
You visited 1 branch You collected 297 gold pieces.

Inventory:

Missiles
 a - 12 arrows
Wands
 b - a wand of flame (12)
Scrolls
 i - a scroll of blinking
 j - a scroll of magic mapping {unknown}
Potions
 d - a potion of curing
 e - a potion of heal wounds
 f - 2 potions of haste
 g - 2 potions of magic
 h - a potion of berserk rage
Comestibles
 c - a ration


   Skills:
 + Level 1.0 Fighting
 + Level 5.2 Dodging
 + Level 3.0 Stealth
 + Level 9.6 Unarmed Combat
 + Level 5.4 Spellcasting
 + Level 5.0 Transmutations
 + Level 1.0 Poison Magic


You had 5 spell levels left.
You knew the following spells:

 Your Spells              Type           Power        Failure   Level  Hunger
a - Beastly Appendage     Tmut           ###...       8%          1    None
b - Sticks to Snakes      Tmut           ###.....     10%         2    #......
c - Spider Form           Tmut/Pois      ##........   28%         3    ##.....
d - Ice Form              Ice/Tmut       ##......     65%         4    ####...

Your spell library contained the following spells:

 Spells                   Type           Power        Failure   Level  Hunger
 Blade Hands              Tmut           ###.......   65%         5    ######.


Dungeon Overview and Level Annotations

Branches:
Dungeon (1/1)

Altars:
Cheibriados
Dithmenos
Elyvilon
Fedhas
Gozag
Hepliaklqana
Kikubaaqudgha
Okawaru
Qazlal
Ru
Sif Muna
Trog
Uskayaw
Vehumet
Wu Jian
Yredelemnul
Zin
The Shining One

Shops:
D %


Innate Abilities, Weirdness & Mutations

You cannot wear most types of armour.
You are very stealthy in the water. (Stealth+)
((You are amphibious.))
You can wear up to eight rings at the same time.
((You can use your tentacles to constrict eight enemies at once.))
((Your skin changes colour to match your surroundings (Stealth+).))
((Your rubbery body absorbs attacks. (AC +1, EV +1)))


Message History

The yak is moderately wounded.
You tentacle-slap the yak but do no damage.
Your squeeze misses the yak.
The yak is moderately wounded.
The yak completely misses you.
You tentacle-slap the yak.
The yak is heavily wounded.
The yak gores you!
You tentacle-slap the yak. Your squeeze misses the yak.
The yak is heavily wounded.
The yak gores you!
* * * LOW HITPOINT WARNING * * *
You tentacle-slap the yak but do no damage.
The yak is heavily wounded.
The yak completely misses you.
Casting: Spider Form (safe; 12% risk of failure)
Confirm with . or Enter, or press ? or * to list all spells.
You turn into a venomous arachnid creature.
The yak gores you!
You die...

################
#<.#..'..#..'..#
#..').#.)').#..+
#..#####'#####'#
#..# #..#...#.#
#..#__####..##)#
#..#_____##'#_.+
#⌠⌠#_.∩...Ys.._#
####_..__##_.#'#
#____ ##+#.#
#### ###


You could see a yak.

Vanquished Creatures
  Sigmund (D)
  An ogre (D)
  A jelly (D)
  Ijyb (D)
4 creatures vanquished.

Vanquished Creatures (others)
  A gargoyle (D)
1 creature vanquished.

Grand Total: 5 creatures vanquished

Notes
Turn   | Place    | Note
-------+----------+-------------------------------------------
     0 | D        | silentkaos13 the Octopode Transmuter began the quest for
                  | the Orb.
     0 | D        | Reached XP level 1. HP: 13/13 MP: 3/3
     2 | D        | Noticed Ijyb
    11 | D        | Killed Ijyb
    11 | D        | Reached skill level 5 in Unarmed Combat
    11 | D        | Reached XP level 2. HP: 8/18 MP: 2/5
    11 | D        | Reached XP level 3. HP: 11/23 MP: 2/7
    57 | D        | Killed a gargoyle
   280 | D        | Learned a level 2 spell: Sticks to Snakes
   284 | D        | Learned a level 3 spell: Spider Form
   286 | D        | Noticed an ogre
   291 | D        | Killed an ogre
   291 | D        | Reached skill level 1 in Stealth
   291 | D        | Reached skill level 7 in Unarmed Combat
   291 | D        | Reached XP level 4. HP: 28/28 MP: 5/10
   301 | D        | Noticed Sigmund
   306 | D        | Killed Sigmund
   306 | D        | Reached skill level 5 in Dodging
   306 | D        | Reached skill level 9 in Unarmed Combat
   306 | D        | Reached skill level 5 in Spellcasting
   306 | D        | Reached XP level 5. HP: 28/33 MP: 7/12
   306 | D        | Reached XP level 6. HP: 33/38 MP: 8/14
   314 | D        | Learned a level 4 spell: Ice Form
   324 | D        | Found an ornate altar of the Wu Jian Council.
   324 | D        | Found a deep blue altar of Sif Muna.
   326 | D        | Found a radiant altar of Vehumet.
   331 | D        | Reached skill level 5 in Transmutations
   331 | D        | Reached skill level 1 in Poison Magic
   334 | D        | Became a worshipper of Sif Muna the Loreminder
   539 | D        | Found Mosunwic's Food Emporium.
   539 | D        | Found an ancient bone altar of Kikubaaqudgha.
   539 | D        | Found a hazy altar of Hepliaklqana.
   539 | D        | Found a stormy altar of Qazlal.
   539 | D        | Found a hide-covered altar of Uskayaw.
   539 | D        | Found a blossoming altar of Fedhas.
   539 | D        | Found a bloodstained altar of Trog.
   539 | D        | Found an iron altar of Okawaru.
   539 | D        | Found a basalt altar of Yredelemnul.
   539 | D        | Found a glowing golden altar of the Shining One.
   539 | D        | Found a snail-covered altar of Cheibriados.
   539 | D        | Found a sacrificial altar of Ru.
   539 | D        | Found a glowing silver altar of Zin.
   539 | D        | Found a shadowy altar of Dithmenos.
   539 | D        | Found a white marble altar of Elyvilon.
   539 | D        | Noticed a yak
   540 | D        | Found an opulent altar of Gozag.
   552 | D        | Slain by a yak

Skill      XL: |  1  2  3  4  5  6 |
---------------+-------------------+-----
Dodging        | 3 5 |  5.2
Unarmed Combat | 5 7 9 |  9.6
Stealth        | 1 2 3 |  3.0
Spellcasting   | 4 5 |  5.4
Transmutations | 3 4 5 |  5.0
Poison Magic   | 1 |  1.0
Fighting       | |  1.0

Action                   |  1- 3 |  4- 6 || total
-------------------------+-------+-------++-------
Melee: Unarmed           |    11 |    17 ||    28
       Tentacles         |     3 |     1 ||     4
       Kick              |     2 |       ||     2
       Constrict         |     1 |     1 ||     2
 Cast: Beastly Appendage |     1 |       ||     1
       Spider Form       |     1 |     1 ||     2
 Stab: Sleeping          |     1 |     1 ||     2
Armor: Skin              |       |     1 ||     1
Dodge: Dodged            |     5 |     5 ||    10
